 Dungeon Crawl Stone Soup version 0.32-a0-131-g9dbbe29261 (webtiles) character file.

Game seed: 10343900769350225069

10560 Ceno the Fighter (level 11, -12/104 HPs)
             Began as a Naga Ice Elementalist on Feb 9, 2024.
             Was a High Priest of Cheibriados.
             Killed from afar by a deep elf pyromancer (28 damage)
             ... with a bolt of fire
             ... on level 9 of the Dungeon.
             The game lasted 00:39:45 (10093 turns).

Ceno the Fighter (Naga Ice Elementalist)           Turns: 10093, Time: 00:39:48

Health: -12/104    AC: 18    Str: 23    XL:     11   Next: 64%
Magic:  1/17       EV:  8    Int: 28    God:    Cheibriados [*****.]
Gold:   511        SH:  6    Dex: 24    Spells: 8/18 levels left

rFire   . . .        I - +4 trident (drain)
rCold   + . .        F - +0 buckler
rNeg    . . .        z - +6 scale mail "Xiovotwi" {SInv}
rPois   +            i - +2 helmet
rElec   .            (no cloak)
rCorr   .            g - +1 pair of gloves
SInv    +            (no barding)
Will    +....        k - amulet of regeneration
Stlth   +            p - ring of protection from cold
HPRegen 1.17/turn    (no ring)
MPRegen 0.15/turn

%: no passive effects
@: on fire, freezing walls, very slightly contaminated, glowing, very slow
A: AC +3, large, see invisible, deformed body, poison resistance, slowness 2,
spit poison 1, naga tail 1
a: Spit Poison, Renounce Religion, Bend Time, Temporal Distortion, Slouch, Step
From Time


You were on level 9 of the Dungeon.
You worshipped Cheibriados.
Cheibriados was extremely pleased with you.
You visited 2 branches of the dungeon, and saw 10 of its levels.
You also visited: Sewer and Ossuary.

You collected 511 gold pieces.

Inventory:

Hand Weapons
 b - a +2 spear of venom
 G - a +0 trident
 I - a +4 trident of draining (weapon)
Missiles
 n - 51 poisoned darts (quivered)
 u - 52 stones
Armour
 g - a +1 pair of gloves (worn)
 i - a +2 helmet (worn)
 z - the +6 scale mail "Xiovotwi" (worn) {SInv}
   (You found it on level 5 of the Dungeon)

   SInv:      It lets you see invisible.
 F - a +0 buckler (worn)
Jewellery
 k - an amulet of regeneration (around neck)
 p - a ring of protection from cold (left hand)
Wands
 d - a wand of roots (8)
 H - a wand of flame (39)
Scrolls
 h - 2 scrolls of revelation
 l - a scroll of butterflies {unknown}
 o - a scroll of fear
 r - a scroll of teleportation
 t - a scroll of torment {unknown}
 v - a scroll of immolation {unknown}
 x - a scroll of enchant weapon {unknown}
 y - a scroll of blinking {unknown}
 A - a scroll of fog
 D - a scroll of silence {unknown}
 K - a scroll of poison {unknown}
 L - a scroll of identify
Potions
 a - a potion of heal wounds
 c - a potion of attraction {unknown}
 e - 2 potions of might
 f - 2 potions of invisibility
 j - 7 potions of curing
 m - 2 potions of magic
 q - 3 potions of haste
 s - 2 potions of degeneration {unknown}
 w - 3 potions of cancellation {unknown}
 B - a potion of berserk rage {unknown}
 C - a potion of ambrosia {unknown}
 E - 2 potions of mutation {unknown}
 J - a potion of lignification {unknown}


   Skills:
 + Level 8.6 Fighting
 * Level 7.6 Polearms
 + Level 2.0 Armour
 - Level 1.5 Dodging
 - Level 8.0 Stealth
 - Level 5.0 Shields
 - Level 4.0 Spellcasting
 - Level 4.0 Summonings
 - Level 8.0 Ice Magic
 - Level 8.0 Invocations


You had 8 spell levels left.
You knew the following spells:

 Your Spells              Type           Power      Damage    Failure   Level
a - Freeze                Ice            100%       1d10      1%          1
b - Frozen Ramparts       Ice            100%       1d16      2%          3
c - Ozocubu's Armour      Ice            50%        N/A       2%          3
d - Summon Ice Beast      Ice/Summ       39%        N/A       6%          3

Your spell library contained the following spells:

 Spells                   Type           Power      Damage    Failure   Level
 Summon Small Mammal      Summ           100%       N/A       4%          1
 Call Imp                 Summ           56%        N/A       7%          2
 Ensorcelled Hibernation  Hex/Ice        56%        N/A       7%          2
 Call Canine Familiar     Summ           28%        N/A       13%         3
 Sandblast                Erth           10%        2d5       22%         1
 Slow                     Hex            20%        N/A       22%         1
 Sublimation of Blood     Necr           5%         N/A       34%         2
 Confusing Touch          Hex            5%         N/A       56%         3
 Fugue of the Fallen      Necr           5%         N/A       56%         3
 Passwall                 Erth           5%         N/A       56%         3
 Sigil of Binding         Hex            5%         N/A       56%         3
 Stone Arrow              Conj/Erth      10%        3d7       56%         3
 Vampiric Draining        Necr           5%         2d6       56%         3
 Summon Blazeheart Golem  Fire/Summ      16%        N/A       69%         4
 Anguish                  Hex/Necr       2%         N/A       92%         4
 Brom's Barrelling Bould  Conj/Erth      5%         2d3       92%         4
 Leda's Liquefaction      Alch/Erth      2%         N/A       92%         4
 Lee's Rapid Deconstruct  Erth           2%         3d5*      99%         5
 Bombard                  Conj/Erth      2%         9d1       100%        6
 Summon Hydra             Summ           14%        N/A       100%        7


Dungeon Overview and Level Annotations

Branches:
Dungeon (9/15)             Temple (1/1) D:5           Sewer (visited)
Ossuary (visited)
   Lair: D:8-11         Orc: D:9-12

Altars:
Ashenzari
Cheibriados
Dithmenos
Elyvilon
Fedhas
Gozag
Hepliaklqana
Kikubaaqudgha
Makhleb
Nemelex Xobeh
Okawaru
Ru
Sif Muna
Trog
Vehumet
Wu Jian
Xom
Yredelemnul
Zin
The Shining One

Shops:
D:4 ?[   D:7 =

Annotations:
D:3 Sigmund


Innate Abilities, Weirdness & Mutations

Your serpentine skin is tough. (AC +3)
You have supernaturally acute eyesight. (SInv)
Armour fits poorly on your strangely shaped body.
Your system is resistant to poisons. (rPois)
You cover ground very slowly.
You can spit poison.
You have a snake-like lower body.


Message History

Confirm with . or Enter, or press ? or * to list all spells.
Casting: Frozen Ramparts (mildly dangerous; 2% risk of failure)
Press: ? - help, Dir - look around, f - activate The walls around you are covered in ice.
The wall freezes the troll.
The wall freezes the deep elf pyromancer!
You block the deep elf pyromancer's attack.
The fire elemental is frozen!
The wall freezes the fire elemental!
You destroy the fire elemental!
The fire elemental disappears in a puff of smoke!
You closely miss the deep elf pyromancer.
The deep elf pyromancer is heavily wounded.
The wall freezes the deep elf pyromancer.
The deep elf pyromancer hits you but does no damage.
The wall freezes the troll.
The troll misses you. The troll barely misses you.
The troll claws you but does no damage.
Unknown command.
You closely miss the deep elf pyromancer.
The deep elf pyromancer is heavily wounded.
The wall freezes the troll but does no damage.
You block the troll's attack. The troll claws you.
The troll claws you but does no damage.
The wall freezes the deep elf pyromancer.
The deep elf pyromancer points at you and mumbles some strange words.
The pyre arrow hits you.
You are covered in intense liquid fire!
You closely miss the deep elf pyromancer.
The deep elf pyromancer is heavily wounded.
The liquid fire burns you!
* * * LOW HITPOINT WARNING * * *
The wall freezes the troll.
The troll bites you.
* * * LOW HITPOINT WARNING * * *
The troll claws you.
* * * LOW HITPOINT WARNING * * *
The troll claws you but does no damage.
The wall freezes the deep elf pyromancer!
The deep elf pyromancer casts a spell at you.
The bolt of fire hits you!!
You die...
Cheibriados appreciates the motionlessness of death.

#...†# #. #..........
#....# ...
####....... #....#
#.# ##...... #..††#
##.# ########.....
#....# ... #....#
#..).. #....## #
#.#####.#####.....
#.....##
#.##.##.##.##.##.....
#......####
#..e$T....)†..##.....
#.........#
#C##@##.##)##.##..###
#.........#
##)#####.## ##).#
#.........##
#/...##...# #..#
#..........##
########.#####..#
#...........##
#)##.##.##..#
#............####
#....†...'..#
#...............#
#.##.##.##.....
#...............#
####)#####.....
#...########....##
#....# ##.....


You could see a deep elf pyromancer and a troll.

Vanquished Creatures
  A centaur warrior (D:9)
  A two-headed ogre (D:9)
  A skeletal warrior (D:9)
  A deep elf pyromancer (D:9)
  2 ugly things (D:9)
  A cyclops (D:9)
  A manticore (D:9)
  A meliai (D:9)
  Jeremiah (D:6)
  A kobold demonologist (D:9)
  A queen bee (shapeshifter) (D:9)
  A wraith (D:9)
  3 yaks (D:9)
  A wyvern (D:9)
  An unseen horror simulacrum (D:9)
  A steam dragon (D:8)
  3 water moccasins
  2 ice beasts (D:6)
  2 sky beasts (D:7)
  An orc warrior (D:8)
  3 black bears (D:6)
  5 ogres
  2 phantoms
  6 kobold brigands
  3 bullfrogs
  4 gnoll sergeants
  2 scorpions (D:6)
  2 killer bees (D:6)
  An electric eel (D:6)
  2 bombardier beetles
  3 jellies
  5 hounds
  4 orc priests
  5 iguanas
  A sleepcap (D:7)
  3 orc wizards
  Robin (D:3)
  11 gnolls
  14 adders
  6 river rats
  3 white imps (D:6)
  4 ufetubi
  2 adder zombies (Ossuary)
  5 ribbon worms
  A dart slug (D:2)
  10 orcs
  8 endoplasms
  4 giant cockroaches
  8 hobgoblins
  4 jackals (D:2)
  22 kobolds
  2 quokkas (D:2)
  7 ball pythons
  5 bats
  4 frilled lizards
  13 goblins
  11 rats
223 creatures vanquished.

Vanquished Creatures (collateral kills)
  A komodo dragon (D:6)
  A troll (D:9)
  3 yaks (D:9)
  A phantom (D:6)
  3 gnolls
  2 kobolds (D:7)
11 creatures vanquished.

Grand Total: 234 creatures vanquished

Notes
Turn   | Place    | Note
-------+----------+-------------------------------------------
     0 | D:1      | Ceno the Naga Ice Elementalist began the quest for the Orb.
     0 | D:1      | Reached XP level 1. HP: 15/15 MP: 3/3
   211 | D:1      | Reached XP level 2. HP: 19/22 MP: 1/5
   747 | D:2      | Reached XP level 3. HP: 28/28 MP: 7/7
   772 | D:1      | Learned a level 3 spell: Frozen Ramparts
  1479 | D:2      | Reached XP level 4. HP: 34/36 MP: 6/8
  1483 | D:2      | Learned a level 3 spell: Ozocubu's Armour
  2040 | D:3      | Noticed Sigmund
  2337 | D:3      | Reached XP level 5. HP: 31/42 MP: 6/10
  2341 | D:3      | Learned a level 3 spell: Summon Ice Beast
  2617 | D:3      | Noticed Robin
  2634 | D:3      | Killed Robin
  2848 | D:4      | Found Oseawaug's Armour Shoppe.
  2985 | D:4      | Found a snail-covered altar of Cheibriados.
  2993 | D:4      | Reached skill level 5 in Stealth
  2995 | D:4      | Became a worshipper of Cheibriados the Contemplative
  3021 | D:4      | Found Ciegal's Magic Scroll Emporium.
  3066 | D:4      | Found a sand-covered staircase.
  3071 | Ossuary  | Entered an ossuary
  3144 | D:4      | Reached skill level 5 in Ice Magic
  3144 | D:4      | Reached XP level 6. HP: 44/49 MP: 10/12
  3212 | D:4      | Found a glowing drain.
  3236 | Sewer    | Entered a sewer
  3354 | Sewer    | Reached * piety under Cheibriados
  3760 | Sewer    | Reached skill level 1 in Fighting
  3945 | Sewer    | Reached skill level 1 in Invocations
  3945 | Sewer    | Reached XP level 7. HP: 50/57 MP: 6/13
  4381 | D:4      | Found a glowing silver altar of Zin.
  4383 | D:4      | Found a blossoming altar of Fedhas.
  4385 | D:4      | Found an ornate altar of the Wu Jian Council.
  4949 | D:5      | Entered Level 5 of the Dungeon
  5076 | D:5      | Reached XP level 8. HP: 48/68 MP: 8/14
  5150 | D:5      | Identified the +6 scale mail "Xiovotwi" {SInv}
  5179 | D:5      | Reached ** piety under Cheibriados
  5574 | D:5      | Reached skill level 1 in Summonings
  5759 | D:5      | Found a staircase to the Ecumenical Temple.
  5812 | Temple   | Entered the Ecumenical Temple
  6163 | D:6      | Reached *** piety under Cheibriados
  6287 | D:6      | Reached XP level 9. HP: 71/79 MP: 9/15
  6451 | D:6      | Reached skill level 5 in Invocations
  6496 | D:6      | Reached skill level 5 in Fighting
  6636 | D:6      | Noticed Jeremiah
  6762 | D:6      | Killed Jeremiah
  7074 | D:6      | Found an ancient bone altar of Kikubaaqudgha.
  7074 | D:6      | Found an opulent altar of Gozag.
  7140 | D:6      | Reached skill level 1 in Polearms
  7140 | D:6      | Reached skill level 1 in Shields
  7307 | D:6      | Noticed a komodo dragon
  7318 | D:6      | Killed a komodo dragon
  7319 | D:6      | Reached XP level 10. HP: 22/91 MP: 4/16
  7699 | D:6      | Found a white marble altar of Elyvilon.
  7980 | D:7      | Found a burning altar of Makhleb.
  8005 | D:7      | Found Nutadaso's Jewellery Emporium.
  8060 | D:7      | Reached **** piety under Cheibriados
  8758 | D:8      | Identified the ring of Yqeixt {rElec rPois Will- MP+9
                  | Int+2}
  9122 | D:9      | Noticed a manticore
  9356 | D:9      | Found a shadowy altar of Dithmenos.
  9783 | D:9      | Found a shimmering altar of Xom.
  9814 | D:9      | Killed a manticore
  9879 | D:9      | Noticed a two-headed ogre
  9885 | D:9      | Killed a two-headed ogre
  9886 | D:9      | Reached skill level 5 in Polearms
  9886 | D:9      | Reached XP level 11. HP: 100/102 MP: 8/17
  9912 | D:9      | Noticed a deep elf pyromancer
  9926 | D:9      | Killed a deep elf pyromancer
  9927 | D:9      | Reached skill level 5 in Shields
  9946 | D:9      | Noticed a purple ugly thing
  9951 | D:9      | Killed a purple ugly thing
 10009 | D:9      | Noticed a cyclops
 10022 | D:9      | Reached ***** piety under Cheibriados
 10061 | D:9      | Identified the +9 flail of Wyrd {freeze, rC+ Int+3}
 10061 | D:9      | Noticed a skeletal warrior
 10062 | D:9      | Noticed a green ugly thing
 10063 | D:9      | Noticed a centaur warrior
 10066 | D:9      | Killed a cyclops
 10076 | D:9      | Killed a centaur warrior
 10077 | D:9      | Reached skill level 1 in Armour
 10077 | D:9      | Killed a green ugly thing
 10083 | D:9      | Killed a skeletal warrior
 10084 | D:9      | Noticed a deep elf pyromancer
 10093 | D:9      | Killed from afar by a deep elf pyromancer

Illustrated notes

Levels and vault maps discovered:
D:1:      roderic_dead_forest, layout_loops_ring
D:2:      minmay_angry_zag, layout_loops_ring
D:3:      layout_basic, grunt_ministairs_15, uniq_sigmund, uniq_robin
D:4:      layout_basic, slow_altar_2, grunt_temple_overflow_diamond,
          nicolae_ossuary_entry_false_entrances, serial_shops,
          nicolae_shop_hallway_plus, nicolae_shop_tiny_waterfront,
          portal_sewer_entry_e
D:5:      layout_basic, minmay_temple_entry_junction_2
D:6:      kb_forest_paths, layout_loops_cross,
          gammafunk_temple_overflow_elements, nicolae_elyvilon_temple_path,
          serial_rivers, chequers_serial_rivers_micro_a,
          chequers_serial_rivers_micro_a, chequers_serial_rivers_micro_b,
          chequers_serial_rivers_room_b, chequers_serial_rivers_large_b,
          chequers_serial_rivers_room_b, uniq_jeremiah
D:7:      layout_cave_pools, bloody_makhleb, serial_shops, shop
D:8:      layout_gridville
D:9:      hangedman_cross_veins, layout_irregular_city, kennysheep_mini,
          general_overflow_altar
Temple:   eino_wide_crystal_templ

Skill      XL: |  1  2  3  4  5  6  7  8  9 10 11 |
---------------+----------------------------------+-----
Spellcasting   | 3 4 |  4.0
Stealth        | 4 5 6 7 8 |  8.0
Ice Magic      | 5 6 7 8 |  8.0
Fighting       | 1 2 4 6 7 8 |  8.6
Invocations    | 1 2 4 6 8 |  8.0
Summonings     | 2 4 |  4.0
Polearms       | 2 5 7 |  7.6
Shields        | 1 4 5 |  5.0
Armour         | 2 |  2.0
Dodging        | |  1.5

Action                     |  1- 3 |  4- 6 |  7- 9 | 10-12 || total
---------------------------+-------+-------+-------+-------++-------
  Melee: Unarmed           |     4 |       |       |       ||     4
         Punch             |     1 |     6 |    14 |       ||    21
         Spear             |       |   127 |   105 |       ||   232
         Whip              |       |       |    37 |       ||    37
         Trident           |       |       |    21 |   138 ||   159
  Throw: Stone             |     1 |     9 |     2 |       ||    12
         Dart              |       |       |    11 |     1 ||    12
   Cast: Freeze            |    23 |    27 |    26 |       ||    76
         Frozen Ramparts   |     4 |    17 |    19 |    17 ||    57
         Ozocubu's Armour  |       |     4 |    18 |    14 ||    36
         Summon Ice Beast  |       |     2 |     9 |    14 ||    25
 Invoke: Bend Time         |       |       |     3 |     1 ||     4
Ability: Spit Poison       |    36 |    30 |    22 |    17 ||   105
  Evoke: Wand              |       |       |     1 |     1 ||     2
    Use: Scroll            |       |     8 |     2 |     3 ||    13
         Potion            |       |       |     2 |       ||     2
   Stab: Sleeping          |       |       |     3 |     1 ||     4
         Distracted        |       |       |       |     2 ||     2
 Armour: Leather armour    |    13 |    82 |   169 |       ||   264
         Scale mail        |       |       |       |   148 ||   148
  Dodge: Dodged            |    11 |    54 |   116 |    49 ||   230
  Block: Buckler           |       |       |       |    44 ||    44

Table legend: (Time is in decaauts)
 A = Elapsed time spent in this place.
 B = Non-inter-level travel time spent in this place.
 C = Inter-level travel time spent in this place.
 D = Time resting spent in this place.
 E = Time spent auto-exploring this place.
 F = Levels seen in this place.
 G = Mean time per level.
                   A        B        C        D        E       F      G
               +--------+--------+--------+--------+--------+-----+--------+
         Total |  15973 |  15414 |    559 |   1214 |   8426 |  12 | 1331.1 |
       Dungeon |  14412 |  13853 |    559 |    974 |   7822 |   9 | 1601.3 |
        Temple |     18 |     18 |      0 |      0 |     16 |   1 |   18.0 |
         Sewer |   1479 |   1479 |      0 |    240 |    587 |   1 | 1479.0 |
       Ossuary |     62 |     62 |      0 |      0 |      0 |   1 |   62.0 |
               +--------+--------+--------+--------+--------+-----+--------+

Top non-repeatable levels by time:
     D:6: 2973 daAuts
     D:9: 1925 daAuts
     D:5: 1784 daAuts
     D:4: 1706 daAuts
   Sewer: 1479 daAuts
     D:3: 1451 daAuts
     D:2: 1380 daAuts
     D:8: 1188 daAuts
     D:7: 1133 daAuts
     D:1: 869 daAuts
 Ossuary: 62 daAuts
  Temple: 18 daAuts
